 Dungeon Crawl Stone Soup version 0.18-a0-1430-g9c1b2fb (webtiles) character file.

35 Geeful the Firebug (level 3, 26/26 HPs)
             Began as a Draconian Fire Elementalist on Feb 27, 2016.
             Got out of the dungeon alive.
             The game lasted 00:05:50 (1320 turns).

Geeful the Firebug (Draconian Fire Elementalist)    Turns: 1320, Time: 00:05:50

Health: 26/26      AC:  5    Str: 10    XL:     3   Next: 17%
Magic:  6/6        EV: 12    Int: 16    God:
Gold:   77         SH:  0    Dex: 11    Spells: 1 memorised, 6 levels left

rFire  . . .     SeeInvis .     l - +0 dagger (venom)
rCold  . . .     Gourm    .     (armour unavailable)
rNeg   . . .     Faith    .     (no shield)
rPois  .         Spirit   .     (helmet restricted)
rElec  .         Dismiss  .     (no cloak)
rCorr  .         Reflect  .     (no gloves)
SustAt .         Harm     .     (no boots)
MR     .....                    (no amulet)
Stlth  ++........               (no ring)
                                (no ring)

@: not resistant to hostile enchantments, unstealthy
A: unfitting armour, cold-blooded, AC +5
a: no special abilities


You escaped.
You were hungry.

You visited 1 branch of the dungeon, and saw 1 of its levels.

You collected 77 gold pieces.

Inventory:

Hand Weapons
 j - a +0 club
 l - a +0 dagger of venom (weapon)
Missiles
 f - 49 stones (quivered)
Scrolls
 d - a scroll of recharging {unknown}
 e - a scroll of immolation {unknown}
 g - 2 scrolls of remove curse {unknown}
 h - a scroll of blinking {unknown}
 i - a scroll of fog {unknown}
 k - a scroll of identify {unknown}
Books
 a - a book of Flames

   Spells                             Type                      Level
   a - Flame Tongue                   Conjuration/Fire             1
   b - Throw Flame                    Conjuration/Fire             2
   c - Conjure Flame                  Conjuration/Fire             3
   d - Inner Flame                    Hexes/Fire                   3
   e - Sticky Flame                   Conjuration/Fire             4
   f - Fireball                       Conjuration/Fire             5
Comestibles
 b - a bread ration
 c - a meat ration


   Skills:
 - Level 1.7 Dodging
 - Level 1.7 Stealth
 + Level 2.5 Spellcasting
 + Level 1.8 Conjurations
 + Level 3.5 Fire Magic


You had 6 spell levels left.
You knew the following spells:

 Your Spells              Type           Power        Failure   Level  Hunger
a - Flame Tongue          Conj/Fire      ##...        10%         1    #......


Dungeon Overview and Level Annotations

Branches:
Dungeon (1/15)

Altars:


Innate Abilities, Weirdness & Mutations

Your plain brown scales are hard (AC +5).
Your body does not fit into most forms of armour.
You are cold-blooded and may be slowed by cold attacks.


Message History

You open the door.
There is an open door here.
There is an open door here.
There is an open door here.
There is an open gate here.
You now have 77 gold pieces (gained 11).
You open the door.
You see here a chain mail.
Done exploring.
Done exploring.
You are feeling hungry.
(D) Dungeon
Where to? (Enter - D:1 @ (x,y), ? - help)
You see here a chain mail.
There is an open gate here.
There is an open door here.
There is an open door here.
There is a staircase leading out of the dungeon here.
Are you sure you want to leave the Dungeon?
This will make you lose the game!
You have escaped!

....# #......##.# #...# #.
...## #.........# #...# #.
...## #.......# #...###. ....#
#### ####### ######...+. ###.#
##..## #...# ##..###..##.
#.###....## ##'## #....##..##.
#..##....####...####....##..###
##..#.§..#≈#.....#§#.§§.#...#
#..#§§..#.'..@..'.#.§..#...###
#..#§§..#≈#.....#≈#..§.#......
#..#....####...####....#..####
##.#....## ##'## #....#......
#.##..## ##8.8## ##..##.#.#..
#..#########'#########..#.#..
##.....##.......##......#.#.#
#####.#.........#.##.#.#.#.#
#[#.......[.#>...#.#.#..


There were no monsters in sight!

Vanquished Creatures
  An ooze (D:1)
  A dart slug (D:1)
  A ball python (D:1)
  2 bats (D:1)
  2 goblins (D:1)
  4 hobgoblins (D:1)
  7 jackals (D:1)
  5 kobolds (D:1)
  A giant newt (D:1)
  A rat (D:1)
25 creatures vanquished.

Notes
Turn   | Place    | Note
--------------------------------------------------------------
     0 | D:1      | Geeful the Draconian Fire Elementalist began the quest for the Orb.
     0 | D:1      | Reached XP level 1. HP: 14/14 MP: 3/3
   218 | D:1      | Reached XP level 2. HP: 20/20 MP: 3/5
   930 | D:1      | Reached XP level 3. HP: 26/26 MP: 6/6
  1320 | D:$      | Got out of the dungeon alive.

Vault maps used:
D:1:      shiori_arrival_elements

Action                   || total
-------------------------++-------
Melee: Dagger            ||    34
       Unarmed           ||     5
Throw: Stone             ||    36
 Cast: Flame Tongue      ||    22
 Stab: Sleeping          ||     1
  Eat: Chunk             ||     1
